 Dungeon Crawl Stone Soup version 0.31.0-12-g77e489cdc1 (webtiles) character file.

Game seed: 3735310390257662114

67 booth the Apothecary (level 3, -1/26 HPs)
             Began as a Demonspawn Alchemist on Feb 14, 2024.
             Slain by Natasha (7 damage)
             ... on level 2 of the Dungeon.
             The game lasted 00:10:41 (1249 turns).

booth the Apothecary (Demonspawn Alchemist)         Turns: 1249, Time: 00:10:41

Health: -1/26      AC:  2    Str: 10    XL:     3   Next: 98%
Magic:  3/6        EV: 12    Int: 15    God:
Gold:   45         SH:  0    Dex: 13    Spells: 0/6 levels left

rFire   . . .        d - +0 whip (freeze)
rCold   . . .        (no shield)
rNeg    . . .        a - +0 robe
rPois   .            (no helmet)
rElec   .            (no cloak)
rCorr   .            (no gloves)
SInv    .            (no boots)
Will    .....        (no amulet)
Stlth   ++           f - ring of flight
HPRegen 0.24/turn    (no ring)
MPRegen 0.10/turn

%: random rage (3%)
@: flying
A: hooves 1, berserk 1, robust 1, screaming 1
a: no special abilities


You were on level 2 of the Dungeon.
You visited 1 branch of the dungeon, and saw 2 of its levels.

You collected 45 gold pieces.

Inventory:

Hand Weapons
 d - a +0 whip of freezing (weapon)
Armour
 a - a +0 robe (worn)
Jewellery
 f - a ring of flight (left hand)
Scrolls
 c - a scroll of revelation
Potions
 b - a potion of enlightenment


   Skills:
 - Level 1.8 Dodging
 + Level 2.4 Stealth
 + Level 2.4 Spellcasting
 + Level 1.9 Conjurations
 * Level 3.8 Alchemy


You couldn't memorise any spells.
You knew the following spells:

 Your Spells              Type           Power      Damage    Failure   Level
a - Sting                 Conj/Alch      40%        1d5       7%          1
b - Mercury Vapours       Alch/Air       14%        N/A       14%         2
c - Mephitic Cloud        Conj/Alch/Air  7%         N/A       28%         3

Your spell library contained the following spells:

 Spells                   Type           Power      Damage    Failure   Level
 Olgreb's Toxic Radiance  Alch           13%        N/A       41%         4
 Sticky Flame             Fire/Alch      7%         2d4       67%         4


Dungeon Overview and Level Annotations

Branches:
Dungeon (2/15)

Altars:

Annotations:
D:2 Natasha


Innate Abilities, Weirdness & Mutations

You have large cloven feet.
You sometimes lose your temper in combat.
You are robust. (+10% HP)
You occasionally shout uncontrollably at your foes.


Message History

You start resting.
Natasha, Servant of Life and Death comes into view.
As you read the scroll of identify, it crumbles to dust.
b - a potion of enlightenment
Casting: Sting (safe; 7% risk of failure)
Confirm with . or Enter, or press ? or * to list all spells.
Aiming: Sting (safe; 7% risk of failure)
Press: ? - help, Shift-Dir - straight line, f - Natasha
Aim: Natasha (64% to hit)
The sting hits Natasha.
Natasha is poisoned.
Natasha is lightly wounded.
Casting: Sting (safe; 7% risk of failure)
Confirm with . or Enter, or press ? or * to list all spells.
Aiming: Sting (safe; 7% risk of failure)
Press: ? - help, Shift-Dir - straight line, f/p - Natasha
Aim: Natasha (lightly wounded, poisoned, 64% to hit)
The sting hits Natasha.
Natasha looks even sicker.
Natasha is moderately wounded.
Casting: Sting (safe; 7% risk of failure)
Confirm with . or Enter, or press ? or * to list all spells.
Aiming: Sting (safe; 7% risk of failure)
Press: ? - help, Shift-Dir - straight line, f/p - Natasha
Aim: Natasha (heavily wounded, very poisoned, 64% to hit)
The sting hits Natasha.
Natasha looks even sicker.
Natasha is heavily wounded.
Natasha wildly gestures.
You feel troubled. Natasha casts a spell at you. The magic dart hits you!
* * * LOW HITPOINT WARNING * * *
It was a potion of mutation.
You feel extremely strange.
You feel the urge to shout.
You feel a little pissed off.
You feel robust.
Natasha howls an incantation.
Natasha glows brightly for a moment.
Natasha claws you but does no damage.
You barely miss Natasha. Your kick misses Natasha. You punch Natasha.
Natasha is severely wounded.
Natasha claws you!
You die...
Natasha begins licking her fur clean.

............#............
......#...#######.......?
....>.'..................
#.....#####.............. ......#
#.............. ##.#.##
###..............
.#.#.####................
................h.......#
...............#@†.......
...............######+##.
......................## ..
.......................# ..
.......................#####+###.
............................[.#..
..............................#..
...##.........................#..
##.##.........^..............)#..


You could see Natasha (very poisoned).

Vanquished Creatures
  Natasha (D:2)
  An adder (D:2)
  2 dart slugs
  4 endoplasms
  3 goblins
  5 hobgoblins
  4 jackals (D:1)
  A ball python (D:1)
  A bat (D:1)
  3 kobolds
  2 rats (D:1)
27 creatures vanquished.

Notes
Turn   | Place    | Note
-------+----------+-------------------------------------------
     0 | D:1      | booth the Demonspawn Alchemist began the quest for the Orb.
     0 | D:1      | Reached XP level 1. HP: 13/13 MP: 3/3
   232 | D:1      | Gained mutation: You have large cloven feet. [demonic
                  | ancestry]
   232 | D:1      | Reached XP level 2. HP: 16/19 MP: 3/5
   364 | D:1      | Learned a level 2 spell: Mercury Vapours
   816 | D:2      | Reached XP level 3. HP: 24/24 MP: 3/6
   845 | D:2      | Learned a level 3 spell: Mephitic Cloud
  1179 | D:2      | Noticed Natasha
  1198 | D:2      | Killed Natasha
  1242 | D:2      | Noticed Natasha
  1248 | D:2      | Gained mutation: You occasionally shout uncontrollably at
                  | your foes. [potion of mutation]
  1248 | D:2      | Gained mutation: You sometimes lose your temper in combat.
                  | [potion of mutation]
  1248 | D:2      | Gained mutation: You are robust. (+10% HP) [potion of
                  | mutation]
  1249 | D:2      | Slain by Natasha

Illustrated notes

Levels and vault maps discovered:
D:1:      lemuel_arrival_behind_the_door_small, layout_rooms,
          minmay_misc_feat_tiny
D:2:      layout_basic, basic_altar, uniq_natasha

Skill      XL: |  1 |
---------------+----+-----
Stealth        | 2 |  2.4
Dodging        | |  1.8
Spellcasting   | |  2.4
Conjurations   | |  1.9
Alchemy        | |  3.8

Action                     || total
---------------------------++-------
  Melee: Unarmed           ||     9
         Whip              ||    22
         Kick              ||     3
         Punch             ||     1
   Cast: Sting             ||    43
         Mercury Vapours   ||     3
    Use: Potion            ||     2
         Scroll            ||     5
 Armour: Robe              ||    25
  Dodge: Dodged            ||    23
